 Dungeon Crawl Stone Soup version 0.15.2 (webtiles) character file.

77 Meaglor the Grave Robber (level 4, 0/24 HPs)
             Began as a Kobold Necromancer on Nov 29, 2017.
             Was an Initiate of Kikubaaqudgha.
             Slain by Sigmund
             ... wielding a +0 scythe
              (4 damage)
             ... on Level 2 of the Dungeon.
             The game lasted 00:20:14 (2757 turns).

Meaglor the Grave Robber (Kobold Necromancer)       Turns: 2757, Time: 00:20:14

HP   0/24        AC  5     Str  6      XL: 4   Next: 60%
MP  17/17        EV 12     Int 14      God: Kikubaaqudgha [......]
Gold 108         SH  0     Dex 16      Spells:  3 memorised,  3 levels left

rFire  . . .     SeeInvis .     p - +0 short sword
rCold  . . .     Clarity  .     v - +1 leather armour
rNeg   . . .     rCorr    .     (no shield)
rPois  .         rRot     .     (no helmet)
rElec  .         Spirit   .     (no cloak)
SustAb .         Warding  .     l - +0 pair of gloves
rMut   .         Stasis   .     (no boots)
Gourm  .                        (no amulet)
MR     .....                    (no ring)
                                h - ring of magical power

@: not resistant to hostile enchantments, unstealthy
A: carnivore 3
a: Renounce Religion


You were on level 2 of the Dungeon.
You worshipped Kikubaaqudgha.
Kikubaaqudgha was noncommittal.
You were full.

You visited 1 branch of the dungeon, and saw 2 of its levels.

You collected 108 gold pieces.

Inventory:

Hand weapons
 p - a +0 short sword (weapon)
Missiles
 g - 14 stones (quivered)
Armour
 a - a +0 robe
 l - a +0 pair of gloves (worn)
 v - a +1 leather armour (worn)
Comestibles
 c - a meat ration
Scrolls
 d - a scroll of noise
 e - a scroll of enchant weapon {unknown}
 f - a scroll of teleportation
Jewellery
 h - a ring of magical power (left hand)
Books
 b - a book of Necromancy

   Spells                             Type                      Level
   *Pain                              Necromancy                   1
   *Animate Skeleton                  Necromancy                   1
   Vampiric Draining                  Necromancy                   3
   *Regeneration                      Charms/Necromancy            3
   Animate Dead                       Necromancy                   4
   Control Undead                     Necromancy                   4


   Skills:
 * Level 2.1 Short Blades
 + Level 0.4 Armour
 + Level 2.6 Dodging
 + Level 2.9 Stealth
 + Level 2.9 Spellcasting
 + Level 0.1 Charms
 + Level 4.4 Necromancy


You had 3 spell levels left.
You knew the following spells:

 Your Spells              Type           Power        Failure   Level  Hunger
a - Pain                  Necr           ##..         3%          1    #......
b - Animate Skeleton      Necr           N/A          3%          1    #......
c - Regeneration          Chrm/Necr      #.........   24%         3    ###....


Dungeon Overview and Level Annotations

Branches:
Dungeon (2/15)

Altars:
Kikubaaqudgha

Annotations:
D:2 Sigmund


Innate Abilities, Weirdness & Mutations

You are small and have problems with some larger weapons.
You are carnivorous and can eat meat at any time.


Message History

Throwing (i - inventory):
g - 18 stones (quivered)
Press: ? - help, Shift-Dir - straight line You throw a stone.
Throwing (i - inventory):
g - 17 stones (quivered)
Press: ? - help, Shift-Dir - straight line You throw a stone.
Something hits you!
Throwing (i - inventory):
g - 16 stones (quivered)
Press: ? - help, Shift-Dir - straight line You throw a stone.
Throwing (i - inventory):
g - 15 stones (quivered)
Press: ? - help, Shift-Dir - straight line You throw a stone.
You hear some strange, mumbled words.
You are confused.
Ouch! Something hits you.
* * * LOW HITPOINT WARNING * * *
You feel less confused. Something hits you.
You die...
Kikubaaqudgha rasps: "You have failed me!
Welcome... death!"

##.........##
#...#
#...........#
##..#
#....)......# #..#
#.#......<#.# #.Z#
#.#.#######.#
##.##
#.#.#(......# #.%#
#.#.#.####..#
##.##
#...#.####..# #..#
#####.@..#..# #..#
####.#..#######.##
#.#.......Z..>#
#....##########
######


There were no monsters in sight!

Vanquished Creatures
  An adder (D:2)
  2 worms (D:2)
  3 giant cockroaches
  6 hobgoblins
  5 kobolds
  A ball python (D:1)
  9 bats
  2 giant newts (D:1)
  5 goblins
  3 rats
37 creatures vanquished.

Vanquished Creatures (collateral kills)
  An adder (D:2)
  A worm (D:2)
  A ball python (D:1)
  2 bats
  A kobold (D:1)
  2 rats
8 creatures vanquished.

Vanquished Creatures (others)
  2 adder skeletons (D:2)
  2 goblin skeletons (D:2)
  A kobold skeleton (D:1)
  A rat skeleton (D:2)
6 creatures vanquished.

Grand Total: 51 creatures vanquished

Notes
Turn   | Place    | Note
--------------------------------------------------------------
     0 | D:1      | Meaglor, the Kobold Necromancer, began the quest for the Orb.
     0 | D:1      | Reached XP level 1. HP: 10/10 MP: 3/3
     2 | D:1      | Learned a level 1 spell: Animate Skeleton
   341 | D:1      | Reached XP level 2. HP: 15/15 MP: 4/4
   664 | D:1      | Reached XP level 3. HP: 17/19 MP: 6/6
   831 | D:1      | Reached skill level 1 in Short Blades
   848 | D:1      | Learned a level 3 spell: Regeneration
  1191 | D:2      | Noticed Sigmund
  1892 | D:2      | Found an ancient bone altar of Kikubaaqudgha.
  1895 | D:2      | Reached XP level 4. HP: 12/24 MP: 4/8
  1911 | D:2      | Became a worshipper of Kikubaaqudgha
  2757 | D:2      | Slain by Sigmund

Action                   |  1- 3 |  4- 6 || total
-------------------------+-------+-------++-------
Melee: Club              |     8 |       ||     8
       Dagger            |    24 |       ||    24
       Short sword       |    27 |    15 ||    42
Throw: Stone             |     1 |     5 ||     6
 Cast: Pain              |    45 |    16 ||    61
       Animate Skeleton  |     9 |     3 ||    12
       Regeneration      |     5 |       ||     5
  Use: Scroll            |     9 |       ||     9
       Potion            |     3 |       ||     3
 Stab: Sleeping          |     1 |       ||     1
  Eat: Chunk             |     3 |     1 ||     4
       Beef jerky        |     1 |       ||     1
       Meat ration       |       |     1 ||     1
